nht, chaotic female elven Wizard ----- --...-- |.....| ......| |....<| |.....| -...- -.--- %#### # ### ######## -----o----- |%o.o%....| |.o%(o..... |@oh...%..| ----------- nht the Thaumaturge Experience level: 8 Strength: 14 Dexterity: 13 Constitution: 16 Intelligence: 16 Wisdom: 10 Charisma: 11 Health: 0(61) Energy: 14(85) Def: 2 Gold: 2227 Moves: 1554 Dungeon seed: lJRz4p7WBTz1C5mh Game ID: nht_1432106502 Your Inventory: Coins $ - 2227 gold pieces Weapons a - a blessed +1 quarterstaff (weapon in hands) Armor e - an uncursed +0 cloak of magic resistance (being worn) n - an uncursed +0 pair of speed boots (being worn) Comestibles B - an uncursed food ration Scrolls g - 2 uncursed scrolls of create monster h - an uncursed scroll of punishment j - 2 uncursed scrolls of destroy armor k - an uncursed scroll of confuse monster q - 2 uncursed scrolls of magic mapping u - 2 uncursed scrolls of identify y - an uncursed scroll of remove curse A - an uncursed scroll of teleportation D - a cursed scroll of confuse monster G - 3 uncursed scrolls of earth I - a blessed scroll of blank paper J - 2 blessed scrolls of teleportation M - an uncursed scroll of gold detection R - a cursed scroll of teleportation T - a cursed scroll of light W - 3 uncursed scrolls of light X - a cursed scroll of enchant weapon Z - a cursed scroll of amnesia Spellbooks m - a blessed spellbook of healing Potions z - an uncursed potion of water H - 2 uncursed potions of object detection L - an uncursed potion of gain level Rings c - an uncursed ring of stealth d - an uncursed +3 ring of gain strength (on left hand) O - an uncursed ring of teleportation Wands l - a wand of teleportation (0:6) r - a wand of create monster (0:0) s - a wand of enlightenment (0:14) C - a wand of fire (0:5) P - a wand of create monster (0:0) Q - a wand of magic missile (0:0) S - a wand of magic missile (0:0) V - a wand of speed monster (0:3) Tools b - an uncursed oilskin sack i - an uncursed oil lamp (lit) (0:313) o - a magic marker (0:39) p - an uncursed wooden harp t - an uncursed towel v - an uncursed skeleton key x - a +0 pick-axe U - a magic marker (0:73) Gems F - an uncursed luckstone K - 2 uncursed worthless pieces of green glass N - 4 uncursed worthless pieces of blue glass Y - an uncursed worthless piece of yellow glass Contents of the oilskin sack: a cursed amulet of restful sleep a cursed scroll of identify an uncursed potion of confusion a cursed potion of extra healing an uncursed potion of gain ability an uncursed potion of gain level an uncursed potion of speed Spells known in the end: Name Level Category Fail Memory a - force bolt 1 attack 0% 93% b - magic missile 2 attack 0% 93% c - wizard lock 2 matter 57% 93% d - detect monsters 1 divination 0% 94% e - light 1 divination 0% 98% f - confuse monster 2 enchantment 0% 98% g - healing 1 healing 0% 100% Your skills at the end: Fighting Skills Weapon Skills quarterstaff [Skilled] Spellcasting Skills attack spells [Basic] enchantment spells [Basic] Final Attributes: You were piously aligned. You were sleep resistant. You were magic-protected. You had infravision. You were very fast. You were extremely lucky. You had extra luck. Bad luck did not time out for you. Good luck did not time out for you. You are dead. Vanquished creatures: a gelatinous cube a large cat a python a giant beetle 2 quivering blobs a cockatrice a winter wolf cub a leprechaun a mountain nymph an iron piercer 2 gnome kings a yeti 3 lizards a dog a jaguar a water nymph a raven 6 bugbears 2 Uruk-hai a pony 5 gnome lords 2 gnomish wizards an elf zombie a kitten 7 dwarves 9 hill orcs a monkey 3 coyotes 2 hobbits a large kobold 10 hobgoblins a green mold a red mold 15 gnomes 2 jackals 3 bats a lichen 4 newts 99 creatures vanquished. Voluntary challenges: You followed a strict vegan diet. You used a wielded weapon 231 times, starting on turn 117. You read items or engraved 24 times, starting on turn 116. You never genocided any monsters. You never polymorphed an object. You never changed form. You used no wishes. You never split a pudding. You wrote Elbereth's name 13 times, starting on turn 116. You never violated your personal moral code. You disabled loading bones files. Dungeon overview: The Dungeons of Doom: levels 1 to 11 Level 1 a long staircase Level 2 an altar to Ptah, a fountain Level 3 a general store, a fountain stairs to The Gnomish Mines Level 4 Level 5 (oracle) Level 6 a scroll shop stairs to Sokoban Level 7 Level 8 a general store Level 9 Level 10 (chaotic temple) a temple to Anhur Level 11 <- You were here The Gnomish Mines: levels 4 to 6 Level 4 stairs to The Dungeons of Doom Level 5 Level 6 many shops, a temple to Ptah, some fountains Sokoban: Level 5 stairs to The Dungeons of Doom History has recorded: On T:1 you entered the Dungeons of Doom to retrieve the Amulet of Yendor! On T:65 you reached level 2 of The Dungeons of Doom. On T:212 you reached level 3 of The Dungeons of Doom. On T:245 you reached level 4 of The Dungeons of Doom. On T:353 you reached level 5 of The Dungeons of Doom. On T:484 you advanced to experience level 2. On T:567 you reached level 1 of The Gnomish Mines. On T:573 you advanced to experience level 3. On T:585 you advanced to experience level 4. On T:625 you reached level 2 of The Gnomish Mines. On T:647 you advanced to experience level 5. On T:743 you reached level 3 of The Gnomish Mines. On T:802 you advanced to experience level 6. On T:998 you reached level 6 of The Dungeons of Doom. On T:1027 you reached level 4 of Sokoban. On T:1124 you reached level 7 of The Dungeons of Doom. On T:1140 you reached level 8 of The Dungeons of Doom. On T:1226 you reached level 9 of The Dungeons of Doom. On T:1239 you reached level 10 of The Dungeons of Doom. On T:1328 you advanced to experience level 7. On T:1430 you advanced to experience level 8. On T:1462 you reached level 11 of The Dungeons of Doom. Score breakdown: Gold: 2227 (11388 points) Experience: 8 levels (14739 points) Exploration: 11 levels ( 22.45%) (13693 points) Discoveries: 21 items ( 7.61%) ( 8275 points) Valuables value: (no points given unless you survive) Artifact value: 0 ( 0 points) Variety of kills: 38 monsters ( 10.03%) ( 9499 points) Time penalty: 1554 turns ( 0 points) Survival: died (score multiplied by 80%) Total score: 46075 Latest messages: F - an uncursed stone called flint?. A magic marker lands on the altar. A stone called flint? lands on the altar. 2 green gems land on the altar. "For you, esteemed lady; only 100 per scroll of destroy armor." j - 2 uncursed scrolls of destroy armor (unpaid, 200 zorkmids). "For you, most gracious lady; only 20 for this scroll of identify." u - an uncursed scroll of identify (unpaid, 20 zorkmids). "For you, most gracious lady; only 20 for this scroll of identify." I - a cursed scroll of identify (unpaid, 20 zorkmids). "For you, good lady; only 50 per scroll of light." W - 3 uncursed scrolls of light (unpaid, 150 zorkmids). "For you, esteemed lady; only 80 for this scroll of remove curse." y - an uncursed scroll of remove curse (unpaid, 80 zorkmids). "For you, esteemed lady; only 200 for this spellbook of confuse monster." You kill the Uruk-hai! The Uruk-hai hits! The Uruk-hai wields a crude bow! The Uruk-hai hurls a potion called murk300! The potion called murk300 misses the Uruk-hai. The jar crashes on your head and breaks into shards. Something seems to be holding you. The Uruk-hai picks up an iron skull cap. The Uruk-hai puts on an iron skull cap. The Uruk-hai hits! (3x) You die... Final status: Goodbye nht the Wizard, killed by an Uruk-hai, while frozen by potion vapours... You died in The Dungeons of Doom on dungeon level 11 with 46075 points, and 2227 pieces of gold, after 1554 moves. You were level 8 with a maximum of 61 hit points when you died.